 Dungeon Crawl Stone Soup version 0.30-a0-4-ga7cffc901d (webtiles) character file.

Game seed: 17821684185608254357

131 Setbun the Cutter (level 5, -3/30 HPs)
             Began as a Kobold Brigand on Aug 21, 2022.
             Slain by Crazy Yiuf
             ... wielding a +2 quarterstaff of chaos
              (6 damage)
             ... on level 2 of the Dungeon.
             The game lasted 00:01:37 (2906 turns).

Setbun the Cutter (Kobold Brigand)                  Turns: 2906, Time: 00:01:38

Health: -3/30      AC:  3    Str:  5 (8)  XL:     5   Next: 37%
Magic:  5/5        EV: 14    Int: 11 (13) God:
Gold:   75         SH:  0    Dex: 16 (18) Spells: 4/4 levels left

rFire   . . .      SeeInvis .    a - +2 dagger
rCold   . . .      Faith    .    (no shield)
rNeg    . . .      Spirit   .    b - +0 robe
rPois   .          Reflect  .    (no helmet)
rElec   .          Harm     .    c - +0 cloak
rCorr   .          Rampage  .    (no gloves)
Will    .....      Rage     9%   (no boots)
Stlth   ++++......               (no amulet)
HPRegen 0.10/turn                (no ring)
MPRegen 0.09/turn                (no ring)

@: attractive, flying
A: small, no large weapons, nightstalker 3, berserk 2
a: no special abilities


You were on level 2 of the Dungeon.
You visited 1 branch of the dungeon, and saw 2 of its levels.

You collected 75 gold pieces.

Inventory:

Hand Weapons
 a - a +2 dagger (weapon)
Missiles
 d - 14 poisoned darts (quivered)
 e - 3 curare-tipped darts
 h - a throwing net
Armour
 b - a +0 robe (worn)
 c - a +0 cloak (worn)
Jewellery
 l - a ring of ice
 p - an amulet of regeneration
Scrolls
 f - 5 scrolls of identify {unknown}
 o - a scroll of fear {unknown}
 r - a scroll of noise {unknown}
 s - a scroll of enchant armour {unknown}
Potions
 g - a potion of degeneration
 i - a potion of curing {unknown}
 m - a potion of attraction
 n - a potion of brilliance {unknown}
 q - a potion of lignification {unknown}


   Skills:
 - Level 2.1 Fighting
 * Level 6.9 Short Blades
 - Level 2.1 Throwing
 - Level 1.2 Dodging
 - Level 5.3 Stealth


You had 4 spell levels left.
You didn't know any spells.
Your spell library contained the following spells:

 Spells                   Type           Power      Damage    Failure   Level
 Summon Ice Beast         Ice/Summ       0%         N/A       98%         4
 Summon Mana Viper        Hex/Summ       0%         N/A       100%        5
 Monstrous Menagerie      Summ           0%         N/A       100%        7


Dungeon Overview and Level Annotations

Branches:
Dungeon (2/15)

Altars:
Uskayaw

Shops:
D:2 =

Annotations:
D:2 Crazy Yiuf


Innate Abilities, Weirdness & Mutations

You are small and have problems with some larger weapons.
You are completely attuned to the shadows.
You have an uncontrollable temper.


Message History

You hit Crazy Yiuf.
Crazy Yiuf is lightly wounded.
Crazy Yiuf says, "Iron bush song!"
Crazy Yiuf hits you with a +2 quarterstaff of chaos!
Space warps around you.
You hit Crazy Yiuf.
Crazy Yiuf is moderately wounded.
Crazy Yiuf laughs, "Ghoul infinity ena!"
Crazy Yiuf misses you.
You hit Crazy Yiuf.
Crazy Yiuf is moderately wounded.
You hit Crazy Yiuf.
Crazy Yiuf is heavily wounded.
Crazy Yiuf hits you with a +2 quarterstaff of chaos.
Crazy Yiuf freezes you.
* * * LOW HITPOINT WARNING * * *
You hit Crazy Yiuf.
Crazy Yiuf is severely wounded.
Crazy Yiuf hits you with a +2 quarterstaff of chaos.
* * * LOW HITPOINT WARNING * * *
Crazy Yiuf freezes you.
* * * LOW HITPOINT WARNING * * *
You hit Crazy Yiuf.
Crazy Yiuf is severely wounded.
It was a potion of degeneration.
There was something very wrong with that liquid.
You feel weakened.
You feel dopey.
You feel clumsy. Crazy Yiuf closely misses you.
It was a potion of attraction.
You feel attractive to monsters. Crazy Yiuf misses you.
It was a potion of mutation.
You feel extremely strange.
You feel a little pissed off.
You feel extremely angry at everything!
Crazy Yiuf laughs, "Dawk tortoise ena!"
Crazy Yiuf closely misses you.
It was a potion of flight.
You feel very buoyant.
You fly up into the air.
Crazy Yiuf hits you with a +2 quarterstaff of chaos.
You die...

#.##.....##.##...
#.##....###.#####
#...........#
#######.##### ###
####### ###### ####
#.....# #####....##
###..)# #.....#
#)........####.@g..#
#.....#
#)###......#..##...#
#####.....# #)#
##....#.### ####
#...#.....# #.#
######## #.#.#.....#
#.# #.#.###.### #.#
########.......# #.#
#..#..#..#.##### #.#
#..#.......# #.#
#..#.......#####


You could see Crazy Yiuf.

Vanquished Creatures
  Terence (D:2)
  An orc wizard (D:2)
  3 adders (D:2)
  2 dart slugs (D:1)
  4 orcs (D:2)
  4 ball pythons
  2 endoplasms (D:1)
  A giant cockroach (D:1)
  4 goblins
  6 hobgoblins
  7 kobolds
  4 bats
  4 frilled lizards
  3 rats (D:1)
46 creatures vanquished.

Notes
Turn   | Place    | Note
-------+----------+-------------------------------------------
     0 | D:1      | Setbun the Kobold Brigand began the quest for the Orb.
     0 | D:1      | Reached XP level 1. HP: 12/12 MP: 1/1
    56 | D:1      | Reached skill level 3 in Short Blades
   190 | D:1      | Reached XP level 2. HP: 17/17 MP: 2/2
   398 | D:1      | Reached skill level 4 in Short Blades
   595 | D:1      | Reached XP level 3. HP: 18/21 MP: 3/3
  1151 | D:2      | Reached skill level 5 in Short Blades
  1226 | D:2      | Found a hide-covered altar of Uskayaw.
  1244 | D:2      | Reached XP level 4. HP: 9/26 MP: 4/4
  1746 | D:2      | Found Kok Saaj's One-of-a-Kind Rings.
  1841 | D:2      | Found a faded altar of an unknown god.
  2361 | D:2      | Noticed Terence
  2365 | D:2      | Killed Terence
  2366 | D:2      | Reached skill level 6 in Short Blades
  2366 | D:2      | Reached XP level 5. HP: 30/30 MP: 5/5
  2799 | D:2      | Found a runed translucent door.
  2802 | D:2      | Noticed Crazy Yiuf
  2905 | D:2      | Gained mutation: You sometimes lose your temper in combat.
                  | [potion of mutation]
  2905 | D:2      | Gained mutation: You have an uncontrollable temper. [potion
                  | of mutation]
  2906 | D:2      | Slain by Crazy Yiuf

Illustrated notes

Levels and vault maps discovered:
D:1:      dpeg_arrival_rhombi, layout_basic
D:2:      layout_loops_cross, ebering_ecumenical_altar_box, basic_altar,
          nicolae_shop_unique_rings, uniq_crazy_yiuf_cottage, uniq_terence

Skill      XL: |  1  2  3  4 |
---------------+-------------+-----
Short Blades   | 3 4 5 6 |  6.9
Fighting       | |  2.1
Throwing       | |  2.1
Dodging        | |  1.2
Stealth        | |  5.3

Action                   |  1- 3 |  4- 6 || total
-------------------------+-------+-------++-------
Melee: Dagger            |    77 |    83 ||   160
  Use: Potion            |       |     4 ||     4
 Stab: Sleeping          |    11 |     5 ||    16
Armor: Robe              |     9 |     9 ||    18
Dodge: Dodged            |    37 |    39 ||    76

Table legend: (Time is in decaauts)
 A = Elapsed time spent in this place.
 B = Non-inter-level travel time spent in this place.
 C = Inter-level travel time spent in this place.
 D = Time resting spent in this place.
 E = Time spent auto-exploring this place.
 F = Levels seen in this place.
 G = Mean time per level.
                   A        B        C        D        E       F      G
               +--------+--------+--------+--------+--------+-----+--------+
         Total |   2864 |   2852 |     12 |    848 |   1728 |   2 | 1432.0 |
       Dungeon |   2864 |   2852 |     12 |    848 |   1728 |   2 | 1432.0 |
               +--------+--------+--------+--------+--------+-----+--------+

Top non-repeatable levels by time:
     D:2: 1730 daAuts
     D:1: 1133 daAuts
